 Dungeon Crawl Stone Soup version 0.26.1-2-gb8aa6d0cf2 (webtiles) character file.

Game seed: 17853664952000633043

11034 Gadfly the Basher (level 11, -7/62 HPs)
             Began as a Gargoyle Fighter on Feb 26, 2021.
             Was an Initiate of Gozag.
             Mangled by a white ugly thing (35 damage)
             ... in a Gauntlet on Feb 27, 2021.
             The game lasted 00:24:22 (10669 turns).

Gadfly the Basher (Gargoyle Fighter)               Turns: 10669, Time: 00:24:27

Health: -7/62      AC: 27    Str: 22    XL:     11   Next: 71%
Magic:  11/11      EV:  5    Int: 14    God:    Gozag
Gold:   840        SH: 12    Dex: 16    Spells: 8/10 levels left

rFire    + . .     SeeInvis .   b - +2 hand axe (elec)
rCold    . . .     Faith    .   c - +0 kite shield
rNeg     + . .     Spirit   .   K - +0 plate armour
rPois    ∞         Reflect  .   j - +0 helmet {Int+3}
rElec    +         Harm     .   p - +0 cloak
rCorr    +         Rampage  .   t - +0 pair of gloves
Will     .....     NoTele   +   H - +0 pair of boots
Stlth    ..........             n - amulet of regeneration
HPRegen  0.60/turn              q - +6 ring of dexterity
MPRegen  0.12/turn              x - ring of resist corrosion

@: no status effects
A: clever 1, fire resistance 1, frail 1, negative energy resistance 1,
electricity resistance, unbreathing, petrification resistance, miasma immunity,
AC +8
a: Renounce Religion, Potion Petition, Call Merchant, Bribe Branch


You were in a Gauntlet.
You worshipped Gozag.
Gozag was pleased with you.
You visited 2 branches of the dungeon, and saw 12 of its levels.
You also visited: Sewer and Gauntlet.

You collected 1509 gold pieces.
You spent 552 gold pieces at shops.
You paid 117 gold pieces to Gozag.

Inventory:

Hand Weapons
 a - the +4 demon whip of Zuxteeg {freeze, Dex+2}
   (You acquired it on level 9 of the Dungeon)

   It has been specially enchanted to freeze those struck by it, causing extra
   injury to most foes and up to half again as much damage against particularly
   susceptible opponents.
   It can also slow down cold-blooded creatures.
   It affects your dexterity (+2).
 b - a +2 hand axe of electrocution (weapon)
 y - a +2 hand axe of flaming
 L - a +3 flail of protection
Armour
 c - a +0 kite shield (worn)
 j - a +0 helmet of intelligence (worn)
 p - a +0 cloak (worn)
 t - a +0 pair of gloves (worn)
 B - a +1 chain mail of cold resistance
 H - a +0 pair of boots (worn)
 K - a +0 plate armour (worn)
Jewellery
 m - the ring "Eckoppole" {+Inv +Fly rC+ Int+5}
   (You found it in a Gauntlet)

   [ring of protection from cold]

   It affects your intelligence (+5).
   It protects you from cold.
   It lets you turn invisible.
   It lets you fly.
 n - an amulet of regeneration (around neck)
 q - a +6 ring of dexterity (left hand)
 x - a ring of resist corrosion (right hand)
 z - an uncursed ring of protection from fire
 D - an uncursed ring of fire
Wands
 s - a wand of flame (38) (quivered)
 u - a wand of digging (20)
 A - a wand of acid (8)
Scrolls
 e - 4 scrolls of enchant weapon
 g - 11 scrolls of remove curse
 k - 10 scrolls of teleportation
 w - a scroll of blinking
 C - 3 scrolls of fog
 E - 2 scrolls of enchant armour
 J - 2 scrolls of silence
 M - 2 scrolls of identify
 N - a scroll of fear
Potions
 d - 4 potions of heal wounds
 f - a potion of resistance
 i - a potion of might
 l - a potion of ambrosia
 o - 2 potions of curing
 r - a potion of lignification
 v - a potion of attraction
 G - a potion of berserk rage
 I - a potion of cancellation
Miscellaneous
 F - a lightning rod (4/4)


   Skills:
 + Level 8.3 Fighting
 * Level 10.0 Maces & Flails
 + Level 8.4 Armour
 + Level 8.3 Shields
 + Level 8.8 Evocations


You had 8 spell levels left.
You knew the following spells:

 Your Spells              Type           Power        Failure   Level
a - Wereblood             Tmut           0%           100%        2

Your spell library contained the following spells:

 Spells                   Type           Power        Failure   Level
 Animate Skeleton         Necr           0%           100%        1
 Apportation              Tloc           0%           100%        1
 Beastly Appendage        Tmut           0%           100%        1
 Corona                   Hex            0%           100%        1
 Summon Small Mammal      Summ           0%           100%        1
 Ensorcelled Hibernation  Hex/Ice        0%           100%        2
 Spider Form              Tmut/Pois      0%           100%        3
 Ice Form                 Ice/Tmut       0%           100%        4
 Blade Hands              Tmut           0%           100%        5
 Bolt of Magma            Conj/Fire/Erth 0%           100%        5
 Borgnjor's Vile Clutch   Necr/Erth      0%           100%        5
 Iskenderun's Battlesphe  Conj           0%           100%        5
 Silence                  Hex/Air        0%           100%        5
 Iron Shot                Conj/Erth      0%           100%        6
 Shadow Creatures         Summ           N/A          100%        6
 Orb of Destruction       Conj           0%           100%        7
 Spellforged Servitor     Conj/Summ      0%           100%        7


Dungeon Overview and Level Annotations

Branches:
Dungeon (11/15)            Temple (1/1) D:7            Lair (0/6) D:11
  Sewer (visited)         Gauntlet (1/1)
    Orc: D:9-12

Altars:
Ashenzari
Cheibriados
Dithmenos
Elyvilon
Fedhas
Gozag
Hepliaklqana
Makhleb
Okawaru
Qazlal
Sif Muna
Trog
Vehumet
Yredelemnul
The Shining One

Shops:
D:4 (   D:8 [?!   D:10 ?

Annotations:
Gauntlet 6 transporters, 4 runed translucent doors


Innate Abilities, Weirdness & Mutations

You are resistant to torment.
Your stone body is resilient. (AC +8)
You are immune to poison.
You resist negative energy. (rN+)
You are resistant to electric shocks. (rElec)
You can survive without breathing.
You are immune to petrification.
You are immune to miasma.
Your mind is acute. (Int +2)
Your flesh is heat resistant. (rF+)
You are frail. (-10% HP)


Message History

You are too injured to fight recklessly!
Okay, then.
Aiming: Throw Flame
Press: ? - help, Q - select action, (/) - cycle Shift-Dir - straight line, f - white ugly thing
Aim: a white ugly thing (24% to evade)
Okay, then.
Unknown command.
The +4 demon whip of Zuxteeg {freeze, Dex+2} stops glowing.
You hear the crackle of electricity.
b - a +2 hand axe of electrocution (weapon)
You closely miss the white ugly thing.
The white ugly thing trunk-slaps you but does no damage.
You hit the white ugly thing.
Lightning courses through the white ugly thing!!
The white ugly thing is moderately wounded.
The white ugly thing trunk-slaps you but does no damage.
The white ugly thing trunk-slaps you. The white ugly thing freezes you!!
Ouch! That really hurt!
You die...
Your body crumbles into a pile of gold.

##≈###..#.#G#..##.≈##
## ##.##.#.##.#.##
##≈.##.##^.##.≈##
#≈≈.#.#.©#.##.≈≈#
##≈.#.##..#.#.≈##
##.##..###.#.##
##≈.##..§.$##.≈##
#≈≈.#########.≈≈#
##≈.#8.u@#....≈##
##.#©...#.8..##
##≈.#8..©#....≈##
#≈≈.#########.≈≈#
##≈.#..#©...#.≈##
##.#..#.##.#.##
##≈.#w.#.##.#.≈##
#≈≈.#w.#....#.≈≈#
##≈.#.w+++###.≈##


You could see a white ugly thing, a tyrant leech (wandering) and a swamp worm.

Vanquished Creatures
  A death ooze (Gauntlet)
  An unseen horror (D:10)
  A large abomination (Gauntlet)
  A wolf spider zombie (D:10)
  A cyclops (D:8)
  An elephant (shapeshifter) (D:8)
  2 komodo dragons
  A hornet (D:9)
  Grinder (D:4)
  A tyrant leech (Gauntlet)
  A meliai zombie (D:10)
  Sigmund (D:2)
  4 wyverns
  5 small abominations (Gauntlet)
  Eustachio (D:5)
  Edmund (D:5)
  2 swamp worms (Gauntlet)
  A water moccasin (D:7)
  4 orc warriors
  An ice beast (D:9)
  4 sky beasts
  2 phantoms
  A black bear (D:7)
  4 ogres
  4 centaurs
  A big kobold (Sewer)
  8 bullfrogs
  A gnoll sergeant (D:10)
  A wyvern zombie (D:8)
  2 water moccasin skeletons
  3 scorpions
  5 killer bees (D:10)
  5 wights (D:6)
  A howler monkey (D:7)
  2 centaur skeletons
  A quasit (D:9)
  A centaur zombie (D:7)
  10 hounds
  3 jellies (D:8)
  5 orc priests
  11 orc wizards
  A bullfrog skeleton (D:9)
  Ijyb (D:5)
  6 iguanas
  5 worker ants
  2 hound zombies
  A howler monkey skeleton (D:9)
  A worker ant zombie (D:8)
  4 gnolls (D:10)
  17 adders
  2 river rats (Sewer)
  2 shadow imps
  A white imp (D:9)
  4 ufetubi
  An adder zombie (D:8)
  An adder skeleton (D:6)
  3 worms (D:3)
  A dart slug (D:1)
  4 leopard geckos
  37 orcs
  A ball python (D:3)
  9 bats
  5 giant cockroaches
  4 hobgoblins
  6 jackals
  4 quokkas
  2 frilled lizards
  A giant cockroach zombie (D:6)
  9 goblins
  A jackal skeleton (D:6)
  8 kobolds
  2 quokka skeletons
  6 rats
259 creatures vanquished.

Vanquished Creatures (others)
  An orc wizard (D:4)
  7 plants
8 creatures vanquished.

Grand Total: 267 creatures vanquished

Notes
Turn   | Place    | Note
-------+----------+-------------------------------------------
     0 | D:1      | Gadfly the Gargoyle Fighter began the quest for the Orb.
     0 | D:1      | Reached XP level 1. HP: 14/14 MP: 1/1
     3 | D:1      | Noticed an electric eel
     4 | D:1      | Noticed an electric eel
   219 | D:1      | Reached XP level 2. HP: 19/19 MP: 2/2
   534 | D:1      | Reached skill level 1 in Evocations
   843 | D:2      | Reached XP level 3. HP: 23/23 MP: 3/3
   919 | D:2      | Found a stormy altar of Qazlal.
  1011 | D:2      | Noticed Sigmund
  1455 | D:2      | Killed Sigmund
  1456 | D:2      | Reached skill level 3 in Maces & Flails
  1456 | D:2      | Reached XP level 4. HP: 17/29 MP: 4/4
  1456 | D:2      | Reached XP level 5. HP: 20/33 MP: 5/5
  2152 | D:3      | Reached XP level 6. HP: 37/38 MP: 6/6
  2327 | D:3      | Found a broken altar of Ashenzari.
  2504 | D:3      | Found a glowing drain.
  2527 | Sewer    | Entered a sewer
  2618 | Sewer    | Reached skill level 4 in Maces & Flails
  2669 | Sewer    | Found a white marble altar of Elyvilon.
  2889 | D:3      | Found a white marble altar of Elyvilon.
  3388 | D:4      | Found Kunuvun's Weapon Boutique.
  3399 | D:4      | Reached XP level 7. HP: 32/43 MP: 7/7
  3915 | D:4      | Noticed Grinder
  3924 | D:4      | Killed Grinder
  3925 | D:4      | Reached skill level 5 in Maces & Flails
  3925 | D:4      | Reached XP level 8. HP: 44/48 MP: 8/8
  3972 | D:5      | Entered Level 5 of the Dungeon
  4074 | D:5      | Reached skill level 5 in Fighting
  4074 | D:5      | Reached skill level 5 in Armour
  4074 | D:5      | Reached skill level 5 in Shields
  4186 | D:5      | Found a broken altar of Ashenzari.
  4277 | D:5      | Noticed Ijyb
  4283 | D:5      | Killed Ijyb
  4428 | D:5      | Noticed Edmund
  4444 | D:5      | Killed Edmund
  4519 | D:5      | Noticed Eustachio
  4544 | D:5      | Killed Eustachio
  5166 | D:5      | Reached skill level 6 in Maces & Flails
  5174 | D:5      | Reached skill level 5 in Evocations
  5337 | D:6      | Reached XP level 9. HP: 54/54 MP: 9/9
  6205 | D:7      | Reached skill level 7 in Maces & Flails
  6946 | D:7      | Found a staircase to the Ecumenical Temple.
  6951 | Temple   | Entered the Ecumenical Temple
  6983 | Temple   | Became a worshipper of Gozag Ym Sagoz the Greedy
  7184 | D:8      | Found Voypp's Antique Armour Shop.
  7191 | D:8      | Bought a runed helmet for 247 gold pieces
  7368 | D:8      | Found Wairi's Distillery.
  7393 | D:8      | Bought a potion of berserk rage for 60 gold pieces
  7488 | D:8      | Noticed a glowing orange brain
  7491 | D:8      | Noticed a komodo dragon
  7499 | D:8      | Reached XP level 10. HP: 59/61 MP: 10/10
  7537 | D:8      | Noticed a torpor snail
  7545 | D:8      | Noticed an elephant
  7545 | D:8      | a torpor snail changed into an elephant
  7577 | D:8      | Killed an elephant
  7578 | D:8      | Reached skill level 8 in Maces & Flails
  7909 | D:8      | Found Riankud's Magic Scroll Shop.
  7990 | D:8      | Bought a scroll of silence for 97 gold pieces
  8456 | D:8      | Noticed a cyclops
  8465 | D:8      | Killed a cyclops
  8740 | D:9      | Identified a scroll of acquirement
  8740 | D:9      | Acquired the +4 demon whip of Zuxteeg {freeze, Dex+2}
  8913 | D:9      | Learned a level 2 spell: Wereblood
  8950 | D:9      | Found a glowing golden altar of the Shining One.
  9271 | D:10     | Entered Level 10 of the Dungeon
  9404 | D:10     | Reached skill level 9 in Maces & Flails
  9404 | D:10     | Reached XP level 11. HP: 48/67 MP: 11/11
  9437 | D:10     | Found Toofo's Magic Scroll Emporium.
  9542 | D:10     | Bought a scroll of fear for 52 gold pieces
  9729 | D:10     | Killed an unseen horror
  9996 | D:10     | Gained mutation: Your spells are a little easier to cast,
                  | but a little less powerful. [potion of mutation]
  9996 | D:10     | Gained mutation: You have large cloven feet. [potion of
                  | mutation]
  9997 | D:10     | Lost mutation: You have large cloven feet. [potion of
                  | mutation]
  9997 | D:10     | Lost mutation: Your spells are a little easier to cast, but
                  | a little less powerful. [potion of mutation]
  9997 | D:10     | Gained mutation: Scrolls take you a little longer to read.
                  | [potion of mutation]
  9997 | D:10     | Gained mutation: You are frail. (-10% HP) [potion of
                  | mutation]
  9997 | D:10     | Gained mutation: Your mind is acute. (Int +2) [potion of
                  | mutation]
 10084 | D:8      | Bought a potion of mutation for 96 gold pieces
 10084 | D:8      | Lost mutation: Scrolls take you a little longer to read.
                  | [potion of mutation]
 10084 | D:8      | Lost mutation: You are frail. (-10% HP) [potion of
                  | mutation]
 10084 | D:8      | Gained mutation: You are frail. (-10% HP) [potion of
                  | mutation]
 10084 | D:8      | Gained mutation: Your flesh is heat resistant. (rF+)
                  | [potion of mutation]
 10167 | D:11     | Found a staircase to the Lair.
 10220 | D:11     | Found a gate leading to a gauntlet.
 10244 | Gauntlet | Entered a Gauntlet
 10244 | Gauntlet | Found a transporter.
 10247 | Gauntlet | Noticed a death ooze
 10262 | Gauntlet | Found a transporter.
 10262 | Gauntlet | Found a transporter.
 10263 | Gauntlet | Found a transporter.
 10267 | Gauntlet | Found a runed translucent door.
 10267 | Gauntlet | Found a runed translucent door.
 10271 | Gauntlet | Found a transporter.
 10271 | Gauntlet | Noticed a large abomination
 10274 | Gauntlet | Found a transporter.
 10275 | Gauntlet | Found a transporter.
 10280 | Gauntlet | Noticed a minotaur
 10285 | Gauntlet | Found a transporter.
 10287 | Gauntlet | Found a transporter.
 10288 | Gauntlet | Found a transporter.
 10290 | Gauntlet | Noticed a glowing orange brain
 10293 | Gauntlet | Noticed a white ugly thing
 10296 | Gauntlet | Found a transporter.
 10299 | Gauntlet | Found a transporter.
 10300 | Gauntlet | Found a transporter.
 10306 | Gauntlet | Found a runed translucent gate.
 10306 | Gauntlet | Found a runed translucent gate.
 10306 | Gauntlet | Found a runed translucent gate.
 10308 | Gauntlet | Found a transporter.
 10482 | Gauntlet | Killed a death ooze
 10525 | Gauntlet | Killed a large abomination
 10532 | Gauntlet | Reached skill level 10 in Maces & Flails
 10643 | Gauntlet | Got a fine amber ring
 10648 | Gauntlet | Identified the ring "Eckoppole" {+Inv +Fly rC+ Int+5} (You
                  | found it in a Gauntlet)
 10669 | Gauntlet | Mangled by a white ugly thing

Illustrated notes

Levels and vault maps discovered:
D:1:      arrival_aquarium_b, layout_loops_cross, grunt_decor_one_mirror,
          minmay_distorted
D:2:      layout_loops_cross, grunt_qazlal_sundering, uniq_sigmund
D:3:      layout_loops_ring, overflow_temple_1_default,
          cheibrodos_sewer_entry_bend, nicolae_ashenzari_panopticon
D:4:      layout_loops_ring, serial_glass, glass_columns_a, glass_columns_c,
          glass_columns_a, glass_columns_a, kennysheep_nondescript,
          kennysheep_windowed_goal, uniq_grinder
D:5:      layout_basic, basic_altar, uniq_eustachio, uniq_edmund, uniq_ijyb
D:6:      minmay_inner_zag, layout_rooms, bh_walls_and_bars
D:7:      layout_basic, temple_doors_e, hangedman_decor_push
D:8:      layout_loops_ring, serial_rivers, chequers_serial_rivers_room_b,
          chequers_serial_rivers_micro_d, chequers_serial_rivers_micro_b,
          chequers_serial_rivers_marsh, chequers_serial_rivers_micro_d,
          serial_shops, shop_statue, nicolae_shop_statue_plus,
          nicolae_shop_stone, minmay_pinched_square
D:9:      layout_roguey, tso_metal_star
D:10:     layout_rooms, serial_shops, shop
D:11:     layout_long_grid, minmay_lair_entry_grove, serial_shops, shop,
          gauntlet_entry_generic
Temple:   regret_index_temple_chain_breaker
Gauntlet: gammafunk_gauntlet_77_escape_option [minmay_gauntlet_arena_77_box,
          minmay_gauntlet_arena_77_shame_cube,
          minmay_gauntlet_arena_77_two_paths, minmay_gauntlet_arena_77_mess,
          minmay_gauntlet_arena_77_run_for_it, gauntlet_exit_green]

Skill      XL: |  1  2  3  4  5  6  7  8  9 10 11 |
---------------+----------------------------------+-----
Evocations     | 1 2 3 4 5 6 7 8 |  8.8
Maces & Flails | 3 4 5 6 7 9 10 | 10.0
Armour         | 4 5 6 7 8 |  8.4
Shields        | 4 5 6 7 8 |  8.3
Fighting       | 4 5 6 7 8 |  8.3

Action                   |  1- 3 |  4- 6 |  7- 9 | 10-12 || total
-------------------------+-------+-------+-------+-------++-------
Melee: Flail             |    91 |   196 |   118 |    15 ||   420
       Dagger            |       |       |   192 |       ||   192
       Whip              |       |       |   269 |    91 ||   360
       Demon whip        |       |       |       |   261 ||   261
       Hand axe          |       |       |       |    67 ||    67
Evoke: Wand              |       |       |     1 |       ||     1
  Use: Scroll            |     5 |     6 |     7 |     3 ||    21
       Potion            |     1 |     1 |     2 |     3 ||     7
Armor: Scale mail        |    54 |   101 |       |       ||   155
       Chain mail        |       |    25 |   346 |    61 ||   432
       Plate armour      |       |       |       |   198 ||   198
Dodge: Dodged            |    40 |    70 |   115 |    85 ||   310
Block: Kite shield       |    52 |   136 |   282 |   220 ||   690
